cohdb
Replays
Latest Replays
All Replays
Popular Replays
Top Player Replays
Match Explorer
How It Works
Community
CoH3 Stats
Reddit
Sign in to upload your games and track your stats! →
Sign in with Steam
Match 46837031
Unlisted
Match 46837031
Overview
Messages
Build Orders
End
Pioneer Squad
Construct Infanterie Kompanie
MG 42 Machine Gun Team
Grenadier Squad
Grenadier Squad
Medical Station
Grenadier Squad
Infanterie Officer Quarters
Construct Panzergrenadier Kompanie
Selects Luftwaffe Battlegroup
Selects Reconnaissance Run
Selects Fallschirmjäger Squad Paradrop
Selects Luftwaffe Pioneer Support
Selects Flak 38 Anti-Air Emplacement
Construct Panzer Kompanie
Fallschirmjäger Squad Paradrop
Selects Stuka Loiter
Stuka Loiter
Panzer IV Medium Tank
Panzer IV Medium Tank
Stuka Loiter
Panzer IV Medium Tank
Side Skirts
Selects Infantry Reserves
Pioneer Squad
Panzer IV Medium Tank
Panzer Officer Quarters
Herr Blautier
EPHX_Valkyrion
Gikerl
Tschuikow
0
0
Comments
sign in to comment!
No comments posted yet!